[Event "ICC tourney 1955 (60 10)"]
[Site "Internet Chess Club"]
[Date "2020.08.08"]
[Round "5"]
[White "Joshua1"]
[Black "cwelch231"]
[Result "1-0"]
[ICCResult "Black checkmated"]
[WhiteElo "1871"]
[BlackElo "1688"]
[Opening "QGD: exchange, positional line"]
[ECO "D35"]
[NIC "QO.16"]
[Time "15:21:12"]
[TimeControl "3600+10"]

1. d4 d5 2. c4 e6 3. Nc3 Nf6 4. cxd5 exd5 5. Bg5 Be7 6. e3 O-O 7. Bd3 b6 8.
Nge2 Bb7 9. O-O Ne4 10. Bxe7 Qxe7 11. Re1 f5 12. f3 Nd6 13. Ng3 Nd7 14. e4
fxe4 15. fxe4 dxe4 16. Ncxe4 Nxe4 17. Nxe4 Rae8 18. Ng3 Qd6 19. Rxe8 Rxe8
20. Bxh7+ Kf8 21. Bc2 Nf6 22. Qd2 c5 23. Nf5 Qd7 24. Rd1 Rd8 25. Qf4 Qe6 26.
Qg5 Rd7 27. Rf1 Rf7 28. Nxg7 Qe2 29. Bg6 Qxf1+ 30. Kxf1 Ne4+ 31. Qf5 Rxf5+
32. Nxf5 c4 33. Ne3 Nd6 34. Bh5 b5 35. Bf3 Bc8 36. Ke2 a5 37. d5 Ke7 38. g4
Kf6 39. h4 a4 40. Kd2 b4 41. g5+ Kg6 42. a3 bxa3 43. bxa3 Ba6 44. Kc3 Nb5+
45. Kb4 c3 46. Kxa4 Nd4 47. d6 Kf7 48. Bd1 Bd3 49. h5 c2 50. Bxc2 Nxc2 51.
Nxc2 Bxc2+ 52. Kb5 Ke6 53. Kc6 Bd1 54. h6 Bc2 55. Kc7 Ba4 56. h7 Kd5 57.
h8=Q Kc5 58. Qc3+ Kb5 59. Qb4+ Ka6 60. Qb6# {Black checkmated} 1-0

[Event "ICC tourney 1955 (60 10)"]
[Site "Internet Chess Club"]
[Date "2020.08.08"]
[Round "5"]
[White "Quinlandia"]
[Black "meghna"]
[Result "1-0"]
[ICCResult "Black resigns"]
[WhiteElo "2044"]
[BlackElo "1913"]
[Opening "Dutch"]
[ECO "A80"]
[NIC "HD.12"]
[Time "15:20:05"]
[TimeControl "3600+10"]

1. d4 f5 2. Bf4 Nf6 3. e3 g6 4. Nf3 Bg7 5. c4 O-O 6. Nc3 d6 7. h3 Nc6 8. Be2
a6 9. O-O Qe8 10. Bh2 e5 11. Rb1 Qe7 12. b4 exd4 13. Nxd4 Nxd4 14. exd4 Ne4
15. Nd5 Qd8 16. Qd3 c6 17. Ne3 Qf6 18. Rbd1 b5 19. Bf3 bxc4 20. Nxc4 a5 21.
Qc2 Ba6 22. Rfe1 Bxc4 23. Qxc4+ d5 24. Qc2 axb4 25. Be5 Qg5 26. Qxc6 Rfd8
27. Qe6+ Kh8 28. Bxg7+ Kxg7 29. Bxe4 fxe4 30. Rc1 Ra7 31. Qb6 Rf7 32. Qxb4
Rdf8 33. Rc2 Rf3 34. Rc7+ R8f7 35. Rxf7+ Rxf7 36. a4 Qf4 37. Qb2 Ra7 38. Qa2
Ra5 39. Qc2 Qf7 40. Ra1 Qa7 41. Ra2 Qd7 42. Qb3 Qa7 43. Qb4 Qc7 44. Ra1 Kg8
45. Rb1 Kg7 46. Qb7 Qxb7 47. Rxb7+ Kf6 48. Rb4 Ke6 49. Kf1 Ra8 50. Ke2 Kd6
51. Ke3 Ke6 52. g4 Kd6 53. h4 Kc6 54. f3 exf3 55. Kxf3 Rf8+ 56. Kg3 Ra8 57.
Kf4 Kd6 58. Kg5 Ra7 59. Kf6 Kc6 60. Kg5 Kd6 61. Kh6 Kc6 62. a5 Rf7 63. a6
Rf1 64. Ra4 Rf8 65. a7 Ra8 66. Kxh7 Kb5 67. Ra1 Kc4 68. Kxg6 Kxd4 69. h5 Ke5
70. h6 d4 71. Kg7 d3 72. h7 d2 73. h8=Q Rxa7+ 74. Kg6+ Ke4 75. Qh1+
{Black resigns}
1-0

[Event "ICC tourney 1955 (60 10)"]
[Site "Internet Chess Club"]
[Date "2020.08.08"]
[Round "5"]
[White "sushi96"]
[Black "HarleyQueen8"]
[Result "1-0"]
[ICCResult "Black checkmated"]
[WhiteElo "1983"]
[BlackElo "1718"]
[Opening "Nimzo-Indian: Kmoch variation"]
[ECO "E20"]
[NIC "NI.30"]
[Time "15:21:14"]
[TimeControl "3600+10"]

1. d4 Nf6 2. c4 e6 3. Nc3 Bb4 4. f3 d5 5. a3 Bxc3+ 6. bxc3 O-O 7. cxd5 exd5
8. e3 Bf5 9. Bd3 Bxd3 10. Qxd3 Re8 11. Ne2 Nbd7 12. O-O Nb6 13. Ng3 Qe7 14.
Ra2 c5 15. Re2 cxd4 16. cxd4 Qd7 17. e4 dxe4 18. fxe4 Rad8 19. Bb2 Na4 20.
Ba1 Qg4 21. e5 Nh5 22. Re4 Qg6 23. Nxh5 Nc5 24. Qe3 Qxe4 25. Qg3 Qg6 26.
dxc5 Qxg3 27. Nxg3 Rd3 28. Nf5 Rxa3 29. Nd6 Re7 30. Bd4 Rd3 31. Rb1 Rxd4 32.
Nf5 Rdd7 33. c6 b6 34. Nxe7+ Rxe7 35. Rd1 f6 36. e6 Kf8 37. Rd8+ Re8 38.
Rxe8+ Kxe8 39. c7 Ke7 40. c8=Q Kd6 41. Qd7+ Ke5 42. e7 b5 43. e8=Q+ Kf4 44.
Qd5 f5 45. Qee5+ Kg5 46. Qxf5+ Kh6 47. Qg5# {Black checkmated} 1-0

[Event "ICC tourney 1955 (60 10)"]
[Site "Internet Chess Club"]
[Date "2020.08.08"]
[Round "5"]
[White "ShaunTracey"]
[Black "Arsalchess"]
[Result "1-0"]
[ICCResult "Black forfeits on time"]
[WhiteElo "1868"]
[BlackElo "1975"]
[Opening "Giuoco Pianissimo"]
[ECO "C55"]
[NIC "IG.01"]
[Time "15:20:26"]
[TimeControl "3600+10"]

1. e4 e5 2. Nf3 Nc6 3. Bc4 Nf6 4. d3 Bc5 5. c3 O-O 6. Bb3 Be7 7. Nbd2 d6 8.
Nf1 Nh5 9. g3 Bh3 10. Ne3 Qd7 11. Ng1 Nf6 12. Nxh3 Qxh3 13. Qf3 Nd7 14. Nf5
Nc5 15. Bd5 Bd8 16. Bd2 Ne6 17. O-O-O Bg5 18. Qe2 g6 19. Bxg5 Nxg5 20. Ne3
Ne7 21. Bb3 Ne6 22. Rdf1 Nc5 23. Bc2 Qe6 24. Kb1 d5 25. f4 exf4 26. Rxf4 f5
27. e5 Qa6 28. Qd1 Ne6 29. Rf2 d4 30. cxd4 Nxd4 31. Bb3+ Kg7 32. h4 Rad8 33.
Rd2 Qc6 34. Rf1 Qc5 35. Re1 b5 36. Ng2 Nd5 37. Nf4 Nxf4 38. gxf4 a5 39. Rg2
a4 40. Bc2 Qd5 41. Rg3 Rd7 42. h5 Ne6 43. Rf1 Qd4 44. hxg6 hxg6 45. Qh5 Kf7
46. Qxg6+ Ke7 47. Qh7+ Kd8 48. Qh4+ Kc8 49. Rg6 a3 50. bxa3
{Black forfeits on time}
1-0

[Event "ICC tourney 1955 (60 10)"]
[Site "Internet Chess Club"]
[Date "2020.08.08"]
[Round "5"]
[White "harkerchess"]
[Black "wolfchess1"]
[Result "1/2-1/2"]
[ICCResult "Game drawn by mutual agreement"]
[WhiteElo "1935"]
[BlackElo "2057"]
[Opening "Modern defense"]
[ECO "A42"]
[NIC "OI.07"]
[Time "15:20:28"]
[TimeControl "3600+10"]

1. d4 d6 2. c4 g6 3. Nc3 Bg7 4. g3 f5 5. Bg2 Nf6 6. e3 O-O 7. Nge2 c6 8. O-O
e5 9. Bd2 Na6 10. a3 Nc7 11. b4 e4 12. a4 Qe8 13. b5 c5 14. a5 Ne6 15. dxc5
dxc5 16. f3 exf3 17. Bxf3 Ng5 18. Bg2 Nge4 19. Nxe4 Nxe4 20. Ra3 Rb8 21. Qe1
Nd6 22. Nf4 Kh8 23. Qc1 Be6 24. Nxe6 Qxe6 25. Bd5 Qd7 26. Bc3 Rfe8 27. a6
Re7 28. Rd1 bxa6 29. Rxa6 Rb6 30. Ra2 Rb8 31. Rd3 Nc8 32. Rad2 Nb6 33. Bxg7+
Rxg7 34. Bc6 Qe7 35. Qc3 h6 36. Re2 Qe6 37. Rc2 Kh7 38. Qa3 Re7 39. Qxc5 h5
40. Kf2 Rf8 41. Qd6 Qxd6 42. Rxd6 Kg7 43. c5 Nc8 44. Rd3 Rc7 45. Rd7+ Rxd7
46. Bxd7 Kf6 47. Ra2 Rd8 48. Ra6+ Ke5 49. Bxc8 Rxc8 50. c6 Rc7 51. Ra1 g5
52. h4 gxh4 53. gxh4 f4 54. Kf3 fxe3 55. Kxe3 Rg7 56. Rc1 Kd6 57. Kf4 Rg4+
58. Kf5 Kc7 59. Rd1 Rxh4 60. Rd7+ Kb8 61. Rb7+ Ka8 62. Ke6 Rg4 63. Rh7 Kb8
64. Rxh5 Rg7 65. Kd6 Rg6+ 66. Kc5 Rg7 67. Rd5 Kc7 68. Re5 Rh7 69. Re8 Rh5+
70. Kb4 Rh4+ 71. Ka5 Rh1 72. Re7+ Kb8 73. Rb7+ Ka8 74. Kb4 Rh4+ 75. Kc5 Rh5+
76. Kb4 Rh4+ 77. Ka5 Rh1 78. Rd7 Kb8 79. Kb4 Rc1 80. Rh7 Rc2 81. Rh4 Rc1 82.
Rc4 Rb1+ 83. Kc5 Kc7 84. Rc2 Ra1 85. Rc3 Ra2 86. Kb4 Rb2+ 87. Rb3 Rc2 88.
Ra3 Kb8 89. Ka5 Rc1 90. Ka6 Rc4 91. c7+ Rxc7 92. Rh3 Rc8 93. Rh7 Rg8 94.
Rb7+ Ka8 95. Rxa7+ Kb8 96. Rh7 Rg6+ 97. b6 Rg8 98. Rh1 Rf8 99. Rc1 Rf2 100.
Ra1 Rb2 101. Ra5 Rb1 102. Rc5 Rb2 103. Rh5 Ra2+ 104. Kb5 Rb2+ 105. Kc6 Rc2+
106. Rc5 Rb2 107. Rd5 Rc2+ {Game drawn by mutual agreement} 1/2-1/2

[Event "ICC tourney 1955 (60 10)"]
[Site "Internet Chess Club"]
[Date "2020.08.08"]
[Round "5"]
[White "ChessPlayer2005"]
[Black "StevChess01"]
[Result "1-0"]
[ICCResult "Black forfeits on time"]
[WhiteElo "1783"]
[BlackElo "1878"]
[Opening "Sicilian: O'Kelly variation"]
[ECO "B28"]
[NIC "SI.43"]
[Time "15:20:49"]
[TimeControl "3600+10"]

1. e4 c5 2. Nf3 a6 3. d4 cxd4 4. Nxd4 Nf6 5. Nc3 e5 6. Nb3 Bb4 7. Bd3 d5 8.
exd5 Nxd5 9. Bd2 Nxc3 10. Bxc3 Bxc3+ 11. bxc3 Qc7 12. Qd2 O-O 13. O-O Be6
14. Rfe1 Nd7 15. Re3 g6 16. Rae1 Kg7 17. Re4 Qd8 18. f3 Rc8 19. Rd1 Qe7 20.
Re3 Rc7 21. Be4 Rfc8 22. Bd5 Bxd5 23. Qxd5 Nb6 24. Qxe5+ Qxe5 25. Rxe5 Rxc3
26. Re7 R8c7 27. Rxc7 Rxc7 28. Nd4 Na4 29. Rd3 Nc3 30. a3 b5 31. Kf2 Na4 32.
Ke3 Nb6 33. Rb3 Re7+ 34. Kf2 Rd7 35. Rd3 h6 36. Ke3 Kh7 37. Ke2 Re7+ 38. Kf2
Nc4 39. Nc6 Rc7 40. Nb4 a5 41. Nd5 Rc5 42. Nf6+ Kg7 43. Ne8+ Kf8 44. Nf6 Rc8
45. Ne4 f5 46. Ng3 Rc5 47. Ne2 Ne5 48. Rc3 Nc4 49. Nd4 Rd5 50. Nxb5 Ne5 51.
Nc7 Rd2+ 52. Kg3 a4 53. Ne6+ Ke7 54. Nc5 Rd5 55. Nxa4 g5 56. h3 f4+ 57. Kh2
Rd2 58. Nb2 Ke6 59. Nc4 Nxc4 60. Rxc4 Rd6 61. a4 Ra6 62. Kg1 Kd5 63. Rb4 Rc6
64. Rb2 Rc4 65. Ra2 Kc5 66. a5 Kb5 67. a6 Rc8 68. a7 Ra8 69. Kf2 Kc4 70. g3
fxg3+ 71. Kxg3 Kd4 72. f4 gxf4+ 73. Kxf4 Rf8+ 74. Kg4 Ra8 75. Kh5 Ke5 76.
Kxh6 Kf6 77. Kh7 Kf7 78. c4 Ke6 79. Kg7 Kd6 80. h4 Ke7 81. h5 Ke6 82. h6 Kd6
83. h7 {Black forfeits on time} 1-0

[Event "ICC tourney 1955 (60 10)"]
[Site "Internet Chess Club"]
[Date "2020.08.08"]
[Round "5"]
[White "i2good4u734"]
[Black "aghilan"]
[Result "0-1"]
[ICCResult "White resigns"]
[WhiteElo "1993"]
[BlackElo "1870"]
[Opening "Queen's bishop game"]
[ECO "D02"]
[NIC "QP.08"]
[Time "15:20:53"]
[TimeControl "3600+10"]

1. d4 d5 2. Nf3 Nf6 3. Bf4 e6 4. e3 Bd6 5. Bg3 O-O 6. Nbd2 b6 7. Bd3 Bb7 8.
Ne5 Nbd7 9. Ndf3 c5 10. Nxf7 Rxf7 11. Bxd6 c4 12. Be2 Ne4 13. Bg3 Ndf6 14.
Ne5 Rf8 15. c3 b5 16. O-O a5 17. Qe1 Nxg3 18. hxg3 Nd7 19. Nxd7 Qxd7 20. Bd1
Bc6 21. Bc2 Rfb8 22. e4 b4 23. exd5 exd5 24. Qe5 Re8 25. Qh5 g6 26. Qf3 Qd6
27. Rfe1 a4 28. Re3 b3 29. axb3 cxb3 30. Rxe8+ Rxe8 31. Bd3 Kg7 32. Qf4 Qxf4
33. gxf4 Rf8 34. g3 Re8 35. Kf1 Bd7 36. Ba6 Ra8 37. Bd3 Re8 38. Kg2 Kf6 39.
Kf3 h5 40. Ba6 Ra8 41. Bd3 a3 42. bxa3 Rc8 43. Ke2 Rxc3 44. Rd1 b2 45. Bb1
Rxa3 46. Kd2 Bf5 47. Bxf5 Kxf5 48. Rb1 Rb3 49. Kc2 Rb7 50. Rxb2 Rxb2+ 51.
Kxb2 Ke4 52. Kc3 Kf3 53. Kb4 Kxf2 54. Kc5 Kxg3 55. Kxd5 h4 56. Ke6 h3 57. d5
h2 58. d6 h1=Q 59. d7 Qh8 60. Ke7 Kxf4 {White resigns} 0-1

[Event "ICC tourney 1955 (60 10)"]
[Site "Internet Chess Club"]
[Date "2020.08.08"]
[Round "5"]
[White "JunlinTheWorld"]
[Black "Adhvaith0406"]
[Result "1/2-1/2"]
[ICCResult "Black stalemated"]
[WhiteElo "1730"]
[BlackElo "1988"]
[Opening "Sicilian: Najdorf, Byrne (English) attack"]
[ECO "B90"]
[NIC "SI.14"]
[Time "15:20:08"]
[TimeControl "3600+10"]

1. e4 c5 2. Nf3 d6 3. d4 cxd4 4. Nxd4 Nf6 5. Nc3 a6 6. Be3 e5 7. Nf3 Be6 8.
Be2 h6 9. h3 Be7 10. O-O Nbd7 11. Qd2 b5 12. a3 O-O 13. Rad1 Qc7 14. Kh2
Rfd8 15. Nd5 Nxd5 16. exd5 Bf5 17. c3 Nf6 18. g4 Be4 19. g5 hxg5 20. Nxg5
Bxd5 21. Qc2 Bc4 22. Bxc4 Qxc4 23. Rg1 d5 24. f4 e4 25. Qg2 Ne8 26. Bd4 Bxg5
27. Qxg5 Rd6 28. Qe5 Rg6 29. Rxg6 fxg6 30. Rg1 Qc6 31. Rg5 Qd6 32. Qxd5+
Qxd5 33. Rxd5 Nf6 34. Rg5 Kf7 35. Kg3 Re8 36. Re5 Rxe5 37. fxe5 Nd5 38. b3
Ke6 39. c4 bxc4 40. bxc4 Ne7 41. Kf4 Nc6 42. Bc3 g5+ 43. Kxe4 g6 44. Kf3 Nd8
45. Kg4 Nf7 46. a4 a5 47. Bd4 Kd7 48. c5 Nd8 49. Be3 Ne6 50. Bxg5 Nxc5 51.
Bf6 Ke6 52. Kg5 Kf7 53. Kf4 Nxa4 54. Bd8 Nc5 55. Ke3 a4 56. Bb6 Nb3 57. e6+
Kxe6 58. Kf4 a3 59. Bc7 Nc5 60. Ba5 a2 61. Bc3 Nd3+ 62. Kg5 Ne5 63. h4 Kd5
64. Kf6 Nf3 65. Kxg6 Nxh4+ 66. Kg5 Kc4 67. Ba1 Ng2 68. Kf5 Kd3 69. Ke5 Ne3
70. Bd4 Nd1 71. Ba1 Kc2 72. Kd4 Kb1 73. Kd3 Nb2+ 74. Kd2 Kxa1 75. Kc1 Nc4
76. Kc2 Nb6 77. Kc1 Nc8 78. Kc2 Ne7 79. Kc1 Nc6 80. Kc2 Nd8 81. Kc1 Nb7 82.
Kc2 Nc5 83. Kc1 Nb3+ 84. Kc2 Nd2 85. Kc1 Nb3+ 86. Kc2 Na5 87. Kc1 Nc6 88.
Kc2 Ne7 89. Kc1 Ng6 90. Kc2 Nf8 91. Kc1 Ng6 92. Kc2 Nh4 93. Kc1 Nf5 94. Kc2
Nd6 95. Kc1 Nb7 96. Kc2 Nd8 97. Kc1 Ne6 98. Kc2 Ng5 99. Kc1 Nh7 100. Kc2 Nf8
101. Kc1 Ng6 102. Kc2 Nf4 103. Kc1 Ng2 104. Kc2 Nh4 105. Kc1 Ng6 106. Kc2
Nf8 107. Kc1 Ne6 108. Kc2 Nf4 109. Kc1 Nd3+ 110. Kc2 Nc5 111. Kc1 Na4 112.
Kc2 Nb2 113. Kc1 Nd1 114. Kc2 Nc3 115. Kc1 Ne4 116. Kc2 Nf6 117. Kc1 Nd7
118. Kc2 Nb6 119. Kc1 Na4 120. Kc2 Nc5 121. Kc1 Na6 122. Kc2 Nb8 123. Kc1
Nd7 124. Kc2 Nf6 125. Kc1 Ne4 126. Kc2 Nd2 127. Kc1 Nb3+ 128. Kc2 Nd4+ 129.
Kc1 Ne2+ 130. Kc2 Ng1 131. Kc1 Nf3 132. Kc2 Ne1+ 133. Kc1 Nd3+ 134. Kc2 Nb4+
135. Kc1 Nd5 136. Kc2 Ne3+ 137. Kc1 Nc2 138. Kxc2 {Black stalemated} 1/2-1/2

[Event "ICC tourney 1955 (60 10)"]
[Site "Internet Chess Club"]
[Date "2020.08.08"]
[Round "5"]
[White "Sina101"]
[Black "atharvajaeel"]
[Result "0-1"]
[ICCResult "White resigns"]
[WhiteElo "1936"]
[BlackElo "289"]
[Opening "Nimzo-Indian: Sämisch, Capablanca variation"]
[ECO "E29"]
[NIC "NI.19"]
[Time "15:21:12"]
[TimeControl "3600+10"]

1. d4 Nf6 2. c4 e6 3. Nc3 Bb4 4. a3 Bxc3+ 5. bxc3 c5 6. e3 O-O 7. Bd3 b6 8.
Ne2 Nc6 9. e4 Ne8 10. O-O Ba6 11. f4 f5 12. exf5 exf5 13. dxc5 bxc5 14. Ng3
g6 15. Be3 d6 16. Bxf5 gxf5 17. Qd5+ Kh8 18. Qxc6 Bxc4 19. Rfd1 Rc8 20. Qa4
Be6 21. Qxa7 Rf7 22. Qa6 Ra8 23. Qe2 Qf6 24. Kh1 Bb3 25. Re1 Qg6 26. c4 Ba4
27. Qf3 Rc8 28. Bc1 Rb8 29. Ra2 Nf6 30. Rb2 Rff8 31. Qc3 Rbe8 32. Rbe2 Kg8
33. Bb2 Bc6 34. Re6 Rxe6 35. Rxe6 Re8 36. Rxd6 Qg4 37. Qc1 Ne4 38. Rxc6 Nf2+
39. Kg1 Nd3 40. Qd2 Re1+ 41. Qxe1 Nxe1 42. Be5 Nd3 43. Rc8+ Kf7 44. Rc7+ Ke8
45. Bf6 Qxf4 46. Re7+ Kf8 47. Re2 Qc1+ 48. Nf1 Kf7 49. Bh4 Qxc4 50. Bg3 Qd4+
51. Kh1 f4 52. Be1 c4 53. h3 c3 54. Nh2 Nxe1 55. Rxe1 c2 56. Ng4 Qd1 57.
Ne5+ Ke6 58. Nd3+ Qxe1+ {White resigns} 0-1

[Event "ICC tourney 1955 (60 10)"]
[Site "Internet Chess Club"]
[Date "2020.08.08"]
[Round "5"]
[White "Ronaldh"]
[Black "zchen15"]
[Result "1-0"]
[ICCResult "Black forfeits on time"]
[WhiteElo "2179"]
[BlackElo "1945"]
[Opening "Sicilian: Kan, 5.Nc3"]
[ECO "B43"]
[NIC "SI.41"]
[Time "15:20:16"]
[TimeControl "3600+10"]

1. e4 c5 2. Nf3 e6 3. d4 cxd4 4. Nxd4 a6 5. Nc3 Qc7 6. Nb3 Nf6 7. Bd3 b5 8.
Qe2 Nc6 9. O-O Bb7 10. f4 d6 11. Be3 Be7 12. g4 g5 13. fxg5 Nd7 14. a4 b4
15. Nd1 Nce5 16. Nf2 Rg8 17. h4 Ng6 18. h5 Nge5 19. Nh3 f6 20. Nf4 Nf8 21.
Nd4 Qd7 22. Nh3 fxg5 23. Nf2 h6 24. c3 bxc3 25. bxc3 Nh7 26. Rab1 Nf6 27.
Nxe6 Qxe6 28. Rxb7 Nxd3 29. Nxd3 Qxe4 30. Rb4 Qe6 31. Qf3 Rc8 32. Re1 Qd5
33. Qe2 Rg7 34. Rd4 Qb7 35. Bd2 Kf8 36. Qe6 Rf7 37. c4 Rd8 38. Bc3 Qf3 39.
Re3 Qd1+ 40. Ne1 Qxa4 41. c5 Qc6 42. cxd6 Rxd6 43. Rxd6 Qxd6 44. Qxd6 Bxd6
45. Re6 Bc5+ 46. Kg2 Nd5 47. Re5 Nxc3 48. Rxc5 Ne4 49. Rc6 Rf6 50. Rc7 Rf2+
51. Kh3 Rd2 52. Rc4 Re2 53. Ng2 Kg7 54. Ra4 Nc5 55. Rc4 Re5 56. Kg3 a5 57.
Kf3 Kf6 58. Ne3 Ke6 59. Nf5 Kd5 60. Rd4+ Kc6 61. Nxh6 a4 62. Nf5 a3 63. Rd1
Nb3 64. Nd4+ Nxd4+ 65. Rxd4 Kb5 66. Rd1 Re6 67. Rh1 a2 68. Ra1 Ra6 69. Ke4
{Black forfeits on time}
1-0

[Event "ICC tourney 1955 (60 10)"]
[Site "Internet Chess Club"]
[Date "2020.08.08"]
[Round "5"]
[White "adorablehill"]
[Black "bishoboo"]
[Result "1/2-1/2"]
[ICCResult "Game drawn by repetition"]
[WhiteElo "1848"]
[BlackElo "1978"]
[Opening "Caro-Kann: Steinitz variation"]
[ECO "B17"]
[NIC "CK.08"]
[Time "15:21:14"]
[TimeControl "3600+10"]

1. e4 c6 2. d4 d5 3. Nc3 dxe4 4. Nxe4 Nd7 5. Nf3 Ngf6 6. Ng3 e6 7. Bd3 Be7
8. O-O O-O 9. c3 c5 10. Re1 b6 11. Bg5 Bb7 12. dxc5 Nxc5 13. Be2 Qxd1 14.
Raxd1 Rfd8 15. b3 h6 16. Be3 Nce4 17. Nxe4 Nxe4 18. Bd4 Rac8 19. c4 Bb4 20.
Rf1 Bc3 21. Be3 Bf6 22. Bd3 Nc3 23. Rd2 Nxa2 24. Rxa2 Rxd3 25. Rxa7 Bxf3 26.
gxf3 Rxb3 27. Rc1 Rb4 28. c5 bxc5 29. Rxc5 Rxc5 30. Bxc5 Rc4 31. Be3 Be5 32.
Kg2 Rh4 33. h3 g6 34. Ra5 Bd6 35. Ra6 Bf4 36. Bxf4 Rxf4 37. Kg3 Rf5 38. Ra4
Kg7 39. f4 Kf6 40. Rc4 Rd5 41. Rc3 Rd4 42. Kf3 Rd5 43. Kg3 Kf5 44. Rb3 f6
45. Rc3 Ke4 46. Re3+ Kf5 47. Rc3 Rd4 48. Rc5+ e5 49. fxe5 fxe5 50. f3 g5 51.
Rc8 Rd6 52. Rf8+ Rf6 53. Rh8 Re6 54. Rf8+ Kg6 55. Ra8 h5 56. Rb8 h4+ 57. Kg2
Kf5 58. Rf8+ Rf6 59. Ra8 Rb6 60. Rf8+ Kg6 61. Re8 Kf6 62. Rf8+ Ke6 63. Rg8
Kf5 64. Rf8+ Rf6 65. Ra8 e4 66. fxe4+ Kxe4 67. Ra4+ Kf5 68. Ra5+ Kg6 69. Ra3
Re6 70. Rb3 Re4 71. Rb6+ Kf5 72. Rb5+ Kf4 73. Rb3 Re2+ 74. Kg1 Re3 75. Rb4+
Kf3 76. Rg4 Re5 77. Kh2 Rf5 78. Ra4 Rf4 79. Ra3+ Ke4 80. Ra4+ Kf5 81. Ra5+
Kg6 82. Ra2 Re4 83. Rg2 Kf5 84. Rf2+ Rf4 85. Ra2 Re4 86. Rf2+ Ke5 87. Ra2
Kf4 88. Rf2+ Ke3 89. Rg2 Re5 90. Rg1 Rf5 91. Ra1 Rd5 92. Re1+ Kf2 93. Ra1
Rd2 94. Ra3 Re2 95. Kh1 Re3 96. Ra2+ Kg3 97. Rg2+ Kxh3 98. Rxg5 Re4 99. Rg6
Re1+ 100. Rg1 Re2 101. Rg6 Rh2+ 102. Kg1 Re2 103. Kh1 Re3 104. Rg7 Rg3 105.
Ra7 Kg4 106. Ra4+ Kg5 107. Ra5+ Kg4 108. Ra4+ Kh3 109. Ra7 Rf3 110. Rg7 Rg3
111. Ra7 {Game drawn by repetition} 1/2-1/2

[Event "ICC tourney 1955 (60 10)"]
[Site "Internet Chess Club"]
[Date "2020.08.08"]
[Round "6"]
[White "Arsalchess"]
[Black "Samuel-Colt"]
[Result "1-0"]
[ICCResult "Black resigns"]
[WhiteElo "2011"]
[BlackElo "1789"]
[Opening "French: Tarrasch"]
[ECO "C03"]
[NIC "FR.14"]
[Time "18:36:43"]
[TimeControl "3600+10"]

1. e4 e6 2. d4 d5 3. Nd2 Be7 4. Bd3 c5 5. dxc5 Bxc5 6. Ngf3 dxe4 7. Nxe4 Bb6
8. Bb5+ Bd7 9. Nd6+ Ke7 10. Bxd7 Qxd7 11. Bf4 Nf6 12. Ne5 Qa4 13. Ndxf7 Qxf4
14. Qd6+ Ke8 15. Qxe6+ Kf8 16. Nxh8 Bxf2+ 17. Kd1 Qd4+ 18. Kc1 Be3+ 19. Kb1
Qd5 20. Nhg6+ {Black resigns} 1-0

[Event "ICC tourney 1955 (60 10)"]
[Site "Internet Chess Club"]
[Date "2020.08.08"]
[Round "6"]
[White "gz99754539"]
[Black "IndianTerritory"]
[Result "0-1"]
[ICCResult "White resigns"]
[WhiteElo "1970"]
[BlackElo "2015"]
[Opening "Caro-Kann: Panov-Botvinnik attack, 5...e6"]
[ECO "B14"]
[NIC "CK.03"]
[Time "18:36:50"]
[TimeControl "3600+10"]

1. e4 c6 2. d4 d5 3. exd5 cxd5 4. c4 Nf6 5. Nc3 e6 6. Nf3 Bb4 7. Bd2 O-O 8.
c5 Nc6 9. Bd3 e5 10. dxe5 Re8 11. O-O Nxe5 12. Nxe5 Rxe5 13. Bf4 Re8 14. Bb5
Bd7 15. Bxd7 Qxd7 16. Qd4 Bxc3 17. Qxc3 d4 18. Qd3 Qd5 19. Rfd1 Qxc5 20.
Qxd4 Re1+ 21. Rxe1 Qxd4 22. Be5 Qb6 23. Rad1 Re8 24. Bc3 Rxe1+ 25. Rxe1 h6
26. h3 Nd5 27. Rd1 Nxc3 28. bxc3 Qb2 29. Rd7 Qxc3 30. Rxb7 Qa3 31. Rb8+ Kh7
{White resigns}
0-1

[Event "ICC tourney 1955 (60 10)"]
[Site "Internet Chess Club"]
[Date "2020.08.08"]
[Round "6"]
[White "Yucheng"]
[Black "GoatsRock"]
[Result "1-0"]
[ICCResult "Black resigns"]
[WhiteElo "1879"]
[BlackElo "1547"]
[Opening "QGD Slav: 3.Nf3"]
[ECO "D11"]
[NIC "SL.01"]
[Time "18:36:53"]
[TimeControl "3600+10"]

1. d4 d5 2. c4 c6 3. Nf3 Bf5 4. Nc3 e6 5. e3 Nf6 6. Nh4 Be7 7. Nxf5 exf5 8.
cxd5 cxd5 9. Qb3 Qd7 10. g3 Nc6 11. Bg2 Rd8 12. O-O O-O 13. Bd2 Ne4 14. Be1
Na5 15. Qc2 Nc4 16. Nxe4 fxe4 17. Bxe4 Rc8 18. Bxh7+ Kh8 19. Bf5 Nb6 20.
Qxc8 Qxc8 21. Bxc8 Rxc8 22. Bd2 Rc2 23. Bc3 g5 24. Rac1 Rxc1 25. Rxc1 Nc4
26. b3 Nb6 27. Ba5 Bd8 28. Bxb6 Bxb6 29. Rc8+ Kg7 30. Rb8 {Black resigns}
1-0

[Event "ICC tourney 1955 (60 10)"]
[Site "Internet Chess Club"]
[Date "2020.08.08"]
[Round "6"]
[White "leojiang"]
[Black "salamenceg"]
[Result "1-0"]
[ICCResult "Black resigns"]
[WhiteElo "1871"]
[BlackElo "1064"]
[Opening "King's Indian: Sämisch variation"]
[ECO "E80"]
[NIC "KI.54"]
[Time "18:37:52"]
[TimeControl "3600+10"]

1. d4 Nf6 2. c4 g6 3. f3 Bg7 4. e4 d6 5. Nc3 e5 6. d5 O-O 7. Bg5 h6 8. Be3
b6 9. Qd2 c5 10. Bxh6 Nh5 11. Bg5 Bf6 12. Bxf6 Qxf6 13. O-O-O Qh4 14. Nge2
Ba6 15. b3 Kh7 16. g3 Qf6 17. Bg2 Nd7 18. h4 Bb7 19. g4 Nf4 20. g5 Nxe2+ 21.
Nxe2 Qd8 22. Rh2 a6 23. Rdh1 Kg7 24. h5 b5 25. hxg6 Kxg6 26. Rh6+ Kg7 27.
Rh7+ Kg8 28. Ng3 bxc4 29. Nf5 {Black resigns} 1-0

[Event "ICC tourney 1955 (60 10)"]
[Site "Internet Chess Club"]
[Date "2020.08.08"]
[Round "6"]
[White "sushivishwa"]
[Black "Zuiopal"]
[Result "1-0"]
[ICCResult "Black checkmated"]
[WhiteElo "1833"]
[BlackElo "1713"]
[Opening "Caro-Kann: advance variation"]
[ECO "B12"]
[NIC "CK.04"]
[Time "18:37:01"]
[TimeControl "3600+10"]

1. e4 c6 2. d4 d5 3. e5 Bf5 4. Ne2 e6 5. Ng3 Bg6 6. h4 h6 7. h5 Bh7 8. Bd3
Bxd3 9. cxd3 Nd7 10. O-O Ne7 11. Be3 c5 12. dxc5 Nxe5 13. f4 d4 14. fxe5
dxe3 15. Qf3 Qd4 16. Qxf7+ Kd7 17. Nc3 a6 18. Nce2 Qxe5 19. d4 Qf5 20. Nxf5
exf5 21. Rxf5 g5 22. d5 Rh7 23. Qxh7 Ke8 24. Qf7+ Kd7 25. Raf1 Re8 26. Qe6+
Kd8 27. Rxf8 Rxf8 28. Rxf8+ Kc7 29. Qxe7# {Black checkmated} 1-0

[Event "ICC tourney 1955 (60 10)"]
[Site "Internet Chess Club"]
[Date "2020.08.08"]
[Round "6"]
[White "Chessking2008"]
[Black "Sricharan07"]
[Result "1-0"]
[ICCResult "Black resigns"]
[WhiteElo "2155"]
[BlackElo "1883"]
[Opening "King's Indian: Sämisch, orthodox, 7.Nge2 c6"]
[ECO "E86"]
[NIC "KI.43"]
[Time "18:37:52"]
[TimeControl "3600+10"]

1. c4 Nf6 2. Nc3 g6 3. e4 d6 4. d4 Bg7 5. f3 O-O 6. Be3 e5 7. Nge2 c6 8. Qd2
a6 9. O-O-O Qc7 10. Kb1 b5 11. h4 Nbd7 12. h5 Nb6 13. Ng3 Nxc4 14. Bxc4 bxc4
15. dxe5 dxe5 16. Bh6 Be6 17. Bxg7 Kxg7 18. Qg5 Ne8 19. hxg6 fxg6 20. Na4
Rb8 21. Nc5 Bc8 22. Qh6+ Kg8 23. Rd7 Rxb2+ 24. Kxb2 Qb6+ 25. Ka1 Rf7 26.
Rxf7 Kxf7 27. Qe3 h5 28. Rb1 Qc7 29. Qc3 Qd6 30. Qxc4+ Kg7 31. Qc3 h4 32.
Ne2 g5 33. Nd3 {Black resigns} 1-0

[Event "ICC tourney 1955 (60 10)"]
[Site "Internet Chess Club"]
[Date "2020.08.08"]
[Round "6"]
[White "atevifred"]
[Black "ocean112005"]
[Result "1-0"]
[ICCResult "Black resigns"]
[WhiteElo "1896"]
[BlackElo "1668"]
[Opening "Pirc defense"]
[ECO "B07"]
[NIC "PU.08"]
[Time "18:37:52"]
[TimeControl "3600+10"]

1. d4 d6 2. e4 Nf6 3. Nc3 Nc6 4. Nf3 Bg4 5. Be2 e5 6. d5 Bxf3 7. Bxf3 Nd4 8.
Be3 Nxf3+ 9. Qxf3 Be7 10. g4 h6 11. O-O-O c6 12. h4 cxd5 13. exd5 Nh7 14. g5
hxg5 15. hxg5 Bxg5 16. Rdg1 Bxe3+ 17. Qxe3 Qf6 18. Ne4 {Black resigns} 1-0

[Event "ICC tourney 1955 (60 10)"]
[Site "Internet Chess Club"]
[Date "2020.08.08"]
[Round "6"]
[White "FL2009"]
[Black "HiHiHidf"]
[Result "1/2-1/2"]
[ICCResult "Game drawn by mutual agreement"]
[WhiteElo "1798"]
[BlackElo "1926"]
[Opening "Caro-Kann: exchange variation"]
[ECO "B13"]
[NIC "CK.02"]
[Time "18:37:24"]
[TimeControl "3600+10"]

1. e4 c6 2. d4 d5 3. exd5 cxd5 4. Nf3 Bg4 5. h3 Bh5 6. Bd3 Nc6 7. c3 e6 8.
Bf4 Nf6 9. Nbd2 Be7 10. O-O O-O 11. Qb3 Qc8 12. Rfe1 a6 13. a4 Bg6 14. Bxg6
hxg6 15. Rac1 Na5 16. Qc2 b5 17. b4 Nc4 18. Nxc4 bxc4 19. Ne5 Nd7 20. Ra1
Nxe5 21. Bxe5 Qd7 22. Bh2 Bd6 23. Bxd6 Qxd6 24. g3 Kh7 25. Kg2 Rh8 26. a5
Rab8 27. Reb1 Rb5 28. h4 Kg8 29. Re1 Rh5 30. Qd2 Qd8 31. Rh1 Qf6 32. Rae1
Rb7 {Game drawn by mutual agreement} 1/2-1/2